Map: Newkirk Precinct TE (Void)

Players

TYTY (TY) - Winner!

  • Race: Terran Terran
  • League: Diamond
  • Spawn Location: 7:00

ShoWTimE

  • Race: Protoss Protoss
  • Spawn Location: 5:00

Event: WESG 2016 Finals

VOD

Have the link to the VOD?

Description

Time

  • Played on: Jan. 12, 2017, 10:18 p.m.
  • Length: 9:51

All games in this series

Show
View Real Time Build Order
Export as new Build Order

TYTY Terran - Winner!

Build Orders: Cyclone Opening, MMM Bio 

Get SALT Encoding   

  12  0:00  SCV  
  13  0:12  SCV  
  14  0:20  Supply Depot  
  14  0:24  SCV  
  15  0:29  Refinery  
  15  0:42  SCV  
  16  0:46  Barracks  
  16  0:54  SCV  
  17  1:06  SCV  
  18  1:18  SCV  
  20  1:33  Reaper  
  20  1:34  Orbital Command  
  20  1:48  Command Center  
  20  1:59  Factory  
  20  2:03  SCV  
  20  2:07  Barracks Reactor  
  21  2:14  Supply Depot  
  21  2:16  SCV  
  21  2:21  Refinery  
  22  2:28  SCV  
  23  2:40  SCV  
  23  2:44  Cyclone  
  27  2:45  Marine x2  
  29  2:52  SCV  
  30  3:00  Orbital Command  
  30  3:03  Marine x2  
  30  3:04  SCV  
  33  3:16  SCV  
  33  3:25  SCV  
  34  3:27  Cyclone  
  34  3:28  Cyclone  
  34  3:29  Barracks Tech Lab  
  34  3:30  SCV  
  41  3:36  Barracks  
  41  3:38  SCV  
  42  3:43  Supply Depot  
  42  3:44  SCV  
  42  3:48  Combat Shields  
  43  3:50  Marine  
  43  3:53  SCV  
  45  3:58  SCV  
  46  4:06  SCV  
  46  4:07  Supply Depot, Marine  
  46  4:09  Cyclone  
  51  4:10  SCV  
  52  4:18  SCV  
  52  4:22  SCV  
  54  4:25  Barracks  
  54  4:28  Marine  
  54  4:30  SCV  
  54  4:31  Marine x2  
  57  4:33  Supply Depot  
  57  4:34  SCV  
  57  4:35  Supply Depot  
  59  4:41  Engineering Bay  
  59  4:42  SCV  
  60  4:46  Marine  
  60  4:49  Factory Reactor, Marine  
  62  4:55  Marine, SCV  
  64  5:04  Marine  
  64  5:06  Marine  
  66  5:07  Stimpack  
  66  5:08  Missile Turret  
  66  5:09  Missile Turret  
  66  5:11  SCV  
  66  5:12  SCV  
  66  5:13  Supply Depot, Marine  
  70  5:15  Terran Infantry Weapons Level 1  
  70  5:23  Marine  
  70  5:24  Marine, SCV x2  
  70  5:28  Starport  
  73  5:33  Marine x2  
  73  5:34  Marine  
  76  5:38  Factory Reactor, Refinery  
  76  5:40  Marine, SCV x2  
  78  5:44  Supply Depot  
  78  5:51  Marine x4  
  78  5:53  SCV x2  
  84  5:59  Marine  
  84  6:03  Supply Depot  
  85  6:05  SCV x2  
  85  6:06  Supply Depot  
  85  6:09  Marine  
  84  6:14  Marine  
  84  6:15  Marine  
  84  6:16  Medivac x2  
  90  6:21  Factory Reactor, Supply Depot, Refinery  
  90  6:23  Marine x2  
  92  6:34  Marine  
  92  6:35  Marine  
  94  6:40  Marine  
  94  6:41  Marine  
  94  6:46  Medivac x2, Command Center, SCV  
  100  6:54  Marine  
  100  6:55  Marine x2  
  100  6:59  Widow Mine x2  
  106  7:01  Marine  
  106  7:02  Marine  
  106  7:04  SCV x2  
  110  7:12  Marine x3  
  110  7:14  Supply Depot  
  111  7:19  Marine  
  111  7:22  Medivac x2, Marine  
  113  7:25  SCV  
  115  7:30  Marine x2  
  115  7:33  Widow Mine  
  115  7:35  Widow Mine, Marine  
  120  7:37  Marine, Liberator x2  
  120  7:40  SCV x2  
  123  7:48  Marine  
  123  7:50  Marine  
  123  7:51  Marine  
  110  7:57  Marine  
  110  7:58  SCV x2  
  105  8:06  Marine  
  105  8:09  Marine x2  
  105  8:11  Widow Mine x2, Marauder  
  111  8:13  Barracks  
  111  8:14  Marine, Barracks  
  112  8:20  Liberator  
  112  8:21  SCV  
  109  8:28  Marine x2  
  109  8:31  Liberator  
  111  8:36  Marine x2  
  111  8:37  Marauder, SCV x2  
  120  8:46  Marine x2  
  125  8:54  Marine  
  126  8:57  Marine  
  123  9:04  Marine x3  
  126  9:13  Marine, SCV x2  
  129  9:17  Marine  
  129  9:18  SCV  
  129  9:21  Barracks Tech Lab x2  
  129  9:22  Marauder, Marine  
  128  9:30  Marine  
Show
View Real Time Build Order
Export as new Build Order

ShoWTimE Protoss 

Build Orders: 1 Gate Expand, Oracle Opening, Phoenix Opening 

Get SALT Encoding   

  12  0:01  Probe (Chrono Boost)  
  13  0:11  Probe (Chrono Boost)  
  14  0:19  Pylon  
  14  0:22  Probe (Chrono Boost)  
  15  0:37  Probe (Chrono Boost)  
  15  0:38  Gateway  
  16  0:43  Assimilator  
  16  0:47  Probe (Chrono Boost)  
  17  0:58  Probe (Chrono Boost)  
  18  1:08  Probe (Chrono Boost)  
  19  1:21  Nexus  
  19  1:24  Probe (Chrono Boost)  
  20  1:34  Cybernetics Core  
  20  1:37  Probe (Chrono Boost)  
  21  1:43  Assimilator  
  21  1:48  Probe (Chrono Boost)  
  21  1:53  Pylon  
  22  1:59  Probe (Chrono Boost)  
  23  2:08  Adept  
  23  2:11  Warp Gate  
  23  2:13  Probe (Chrono Boost)  
  26  2:25  Probe (Chrono Boost)  
  27  2:31  Stargate  
  27  2:33  Probe (Chrono Boost)  
  27  2:34  Adept  
  28  2:40  Probe (Chrono Boost)  
  28  2:44  Probe (Chrono Boost)  
  33  2:53  Probe (Chrono Boost)  
  33  2:54  Probe (Chrono Boost)  
  34  3:05  Probe x2 (Chrono Boost)  
  36  3:10  Oracle  
  36  3:17  Probe (Chrono Boost)  
  40  3:21  Gateway  
  40  3:22  Gateway  
  40  3:25  Probe (Chrono Boost)  
  41  3:28  Mothership Core (Chrono Boost)  
  41  3:33  Pylon  
  43  3:37  Probe (Chrono Boost)  
  43  3:38  Adept  
  46  3:42  Assimilator  
  46  3:49  Pylon  
  46  3:50  Phoenix  
  46  3:51  Probe (Chrono Boost)  
  50  3:57  Probe (Chrono Boost)  
  50  4:02  Probe (Chrono Boost)  
  51  4:09  Probe (Chrono Boost)  
  52  4:11  Phoenix  
  52  4:12  Probe (Chrono Boost)  
  52  4:21  Probe (Chrono Boost)  
  52  4:23  Probe (Chrono Boost), Robotics Facility  
  54  4:28  Pylon  
  54  4:32  Sentry  
  54  4:33  Probe x2 (Chrono Boost)  
  54  4:36  Adept  
  60  4:40  Adept  
  60  4:45  Pylon  
  62  4:46  Assimilator  
  62  4:47  Probe (Chrono Boost), Phoenix  
  62  4:48  Probe (Chrono Boost)  
  66  4:56  Adept  
  66  4:57  Adept  
  70  5:02  Pylon  
  70  5:09  Phoenix  
  72  5:15  Immortal  
  76  5:26  Adept  
  76  5:27  Adept  
  78  5:28  Pylon  
  78  5:31  Adept  
  78  5:34  Probe (Chrono Boost)  
  82  5:36  Probe (Chrono Boost)  
  82  5:41  Twilight Council  
  82  5:43  Forge  
  82  5:54  Observer  
  83  5:59  Nexus  
  83  6:01  Pylon  
  83  6:03  Probe (Chrono Boost), Protoss Ground Weapons Level 1  
  85  6:04  Resonating Glaives  
  85  6:05  Probe (Chrono Boost)  
  85  6:11  Phoenix  
  85  6:17  Probe (Chrono Boost)  
  85  6:18  Probe (Chrono Boost)  
  89  6:23  Pylon  
  89  6:25  Pylon  
  89  6:34  Gateway  
  89  6:37  Gateway  
  89  6:38  Gateway  
  89  6:41  Pylon  
  93  6:47  Immortal  
  93  6:51  Probe x2 (Chrono Boost)  
  95  7:01  Sentry, Adept x2  
  99  7:08  Phoenix  
  99  7:13  Probe x3 (Chrono Boost)  
  102  7:30  Sentry x2  
  102  7:31  Adept x2  
  102  7:34  Adept  
  102  7:35  Adept  
  113  7:37  Phoenix  
  113  7:42  Probe (Chrono Boost)  
  113  7:43  Probe (Chrono Boost)  
  113  7:44  Probe (Chrono Boost)  
  118  7:51  Adept  
  102  7:56  Adept x5  
  110  8:02  Void Ray  
  112  8:08  Probe (Chrono Boost)  
  112  8:12  Probe x2 (Chrono Boost), Assimilator  
  113  8:16  Assimilator  
  114  8:20  Probe (Chrono Boost)  
  109  8:28  Stalker x3, Adept x2  
  109  8:32  Probe (Chrono Boost)  
  116  8:53  Sentry x2, Pylon, Adept x3  
  120  9:03  Photon Cannon  
  120  9:05  Pylon  
  120  9:07  Adept  
  107  9:26  Adept x2  
  107  9:32  Adept  
  88  9:48  Stalker x2  
Tags
 
Add a new tag
Caveats
  • Supply blocks, unpowered buildings, or Contaminate may cause inaccurate times.
  • Supply counts are checked every 10 seconds.